AoeStats
← Skaikru Raven

Black Forest

510869322Analyzed
2v2 RM · 15h ago on Oct 2, 2026· 47m 55s· 4 players
Game mode
Random Map
Map size
Medium (4 player)
Population
200
Speed
Normal
Resources
Standard
Victory
Conquest
Starting age
Dark Age
Ending age
Imperial Age
RankedLock teamsTeams togetherTeam positionsShared explorationLock speedFull tech treeHidden civsTurbo modeCheats
Victory
Defeat
🇫🇷 Khitans · France
856
+15
🇫🇷 Bohemians · France
846
+16
🇺🇸 Khmer · United States
872
-44
🇺🇸 Bohemians · United States
806
-27
FAZE RADIN
2:43 Loom
13:53 Feudal Age
16:17 Double-Bit Axe
16:20 Horse Collar
17:41 Wheelbarrow
16:52 Town Watch
25:48 Castle Age
27:17 Heavy Plow
27:31 Bow Saw
27:55 Hand Cart
27:41 Town Patrol
29:05 Town Patrol
39:08 Imperial Age
38:43 Chemistry
38:27 Town Patrol
42:04 Elite Hussite Wagon
43:10 Wagenburg Tactics
43:11 Hussite Reforms
mahan13138141
7:33 Loom
15:52 Feudal Age
17:11 Wheelbarrow
16:23 Town Watch
16:44 Double-Bit Axe
18:38 Horse Collar
19:26 Gold Mining
19:27 Stone Mining
25:50 Castle Age
27:34 Gold Shaft Mining
27:35 Stone Shaft Mining
27:04 Heavy Plow
27:17 Bow Saw
30:03 Hand Cart
32:29 Caravan
33:00 Coinage
35:13 Town Patrol
39:26 Imperial Age
39:14 Tusk Swords
41:30 Double Crossbow
44:56 Elite Ballista Elephant
Skaikru Raven
0:26 Loom
12:58 Feudal Age
18:17 Castle Age
16:49 Double-Bit Axe
16:48 Domestication
17:17 Stone Mining
18:48 Wheelbarrow
19:46 Bow Saw
20:10 Pastoralism
26:07 Gold Mining
28:10 Hand Cart
29:04 Stone Shaft Mining
33:49 Imperial Age
32:30 Light Cavalry
33:10 Husbandry
33:33 Fortified Wall
33:04 Treadmill Crane
33:45 Ballistics
33:40 Masonry
33:26 Murder Holes
33:56 Caravan
36:11 Two-Man Saw
35:43 Transhumance
34:39 Hussar
37:13 Chemistry
36:30 Forging
36:20 Scale Mail Armor
37:00 Siege Engineers
40:12 Iron Casting
39:53 Chain Mail Armor
39:43 Scale Barding Armor
39:39 Padded Archer Armor
39:29 Fletching
39:06 Heavy Rocket Cart
42:28 Conscription
42:18 Ordo Cavalry
42:21 Lamellar Armor
41:38 Elite Liao Dao
Ujio.AF
1:50 Loom
13:30 Feudal Age
18:38 Castle Age
16:48 Double-Bit Axe
16:46 Horse Collar
19:53 Wheelbarrow
20:25 Heavy Plow
20:43 Bow Saw
22:58 Hand Cart
24:26 Town Watch
27:56 Caravan
30:47 Ballistics
31:29 Chemistry
30:41 Fortified Wall
33:33 Imperial Age
34:27 Padded Archer Armor
34:48 Town Patrol
35:10 Ballistics
34:46 Murder Holes
37:15 Two-Man Saw
36:03 Houfnice
37:26 Leather Archer Armor
36:52 Pikeman
37:32 Squires
37:18 Arson
37:47 Forging
37:37 Scale Mail Armor
37:47 Halberdier
39:55 Ring Archer Armor
40:03 Chain Mail Armor
40:23 Iron Casting
39:57 Hussite Reforms
40:15 Conscription
40:03 Wagenburg Tactics
40:42 Fletching
41:41 Siege Engineers
44:30 Bombard Tower
46:45 Bodkin Arrow
47:50 Blast Furnace
47:21 Plate Mail Armor
Connection lost

Rejoining the realm…

Still unreachable

The connection could not be restored.

Session expired

The server has moved on; the page needs a fresh start.